 Dungeon Crawl Stone Soup version 0.25-b1-37-g2669288c55 (webtiles) character file.

Game seed: 3732426821315629922

20610 1994 the Cleaver (level 12, 0/132 HPs)
             Began as an Ogre Hunter on June 5, 2020.
             Was an Initiate of Uskayaw.
             Slain by a spiny frog (14 damage)
             ... on level 4 of the Lair of Beasts.
             The game lasted 00:43:27 (25297 turns).

1994 the Cleaver (Ogre Hunter)                     Turns: 25297, Time: 00:43:28

Health: 0/132      AC:  6    Str: 29    XL:     12   Next: 81%
Magic:  8/19       EV: 10    Int: 12    God:    Uskayaw [......]
Gold:   850        SH:  0    Dex:  9    Spells: 11/11 levels left

rFire    . . .     SeeInvis .   a - +4 hand axe (elec)
rCold    + . .     Gourm    .   (no shield)
rNeg     . . .     Faith    .   P - +2 robe {rC+}
rPois    +         Spirit   .   Q - +1 hat
rElec    .         Reflect  .   (no cloak)
rCorr    .         Harm     .   (gloves unavailable)
MR       +....                  (boots unavailable)
Stlth    +.........             o - amulet of the acrobat
HPRegen  0.32/turn              g - +6 ring of strength
MPRegen  0.16/turn              H - ring of poison resistance

@: lethally poisoned (0 -> -4)
A: large, unfitting armour, tough skin 1
a: Renounce Religion


You were on level 4 of the Lair of Beasts.
You worshipped Uskayaw.
Uskayaw was aware of your devotion.
You were not hungry.

You visited 3 branches of the dungeon, and saw 16 of its levels.

You collected 903 gold pieces.
You spent 53 gold pieces at shops.

Inventory:

Hand Weapons
 a - a +4 hand axe of electrocution (weapon)
 b - a +2 hand axe of flaming
 C - a +0 war axe
Missiles
 c - 7 large rocks
 d - 3 throwing nets
 j - 318 stones (quivered)
 s - 4 curare-tipped darts
 G - 8 boomerangs
 I - 5 javelins
 K - 9 poisoned darts
Armour
 P - a +2 robe of cold resistance (worn)
 Q - a +1 hat (worn)
Jewellery
 g - a +6 ring of strength (left hand)
 l - an uncursed ring of ice
 m - an uncursed ring of stealth
 o - an amulet of the acrobat (around neck)
 H - a ring of poison resistance (right hand)
Wands
 p - a wand of polymorph (9)
 x - a wand of enslavement (6)
 z - a wand of digging (14)
 T - a wand of iceblast (7)
Scrolls
 h - a scroll of fog
 k - 7 scrolls of teleportation
 q - a scroll of random uselessness {unknown}
 r - a scroll of holy word {unknown}
 u - 7 scrolls of remove curse
 y - a scroll of immolation
 A - 5 scrolls of enchant weapon
 D - a scroll of magic mapping {unknown}
 F - a scroll of noise {unknown}
 L - a scroll of summoning {unknown}
 M - a scroll of blinking
 R - 2 scrolls of identify
 S - a scroll of fear {unknown}
Potions
 e - 2 potions of mutation
 i - 6 potions of heal wounds
 n - 2 potions of flight
 t - 6 potions of brilliance
 v - 2 potions of curing
 w - 2 potions of berserk rage
 B - a potion of might
 E - a potion of cancellation
 J - a potion of haste
 N - a potion of ambrosia {unknown}
 O - a potion of lignification {unknown}
Comestibles
 f - 24 rations
 U - a chunk of flesh


   Skills:
 + Level 11.9 Fighting
 * Level 13.1 Axes
 + Level 10.0 Throwing
 - Level 1.7 Dodging
 - Level 0.6 Stealth
 + Level 10.5 Invocations


You had 11 spell levels left.
You didn't know any spells.
Your spell library contained the following spells:

 Spells                   Type           Power        Failure   Level  Hunger
 Corona                   Hex            #......      32%         1    ##.....
 Magic Dart               Conj           #...         32%         1    ##.....
 Ensorcelled Hibernation  Hex/Ice        #.....       45%         2    ###....
 Searing Ray              Conj           #.....       45%         2    ###....
 Confusing Touch          Hex            #.......     69%         3    ####...
 Dazzling Flash           Conj/Hex       #.....       69%         3    ####...
 Tukima's Dance           Hex            #.......     69%         3    ####...
 Fulminant Prism          Conj/Hex       #.........   97%         4    #####..
 Iskenderun's Mystic Bla  Conj/Tloc      #.......     97%         4    #####..


Dungeon Overview and Level Annotations

Branches:
Dungeon (11/15)            Temple (1/1) D:4            Lair (4/6) D:10
  Snake (0/4) Lair:4          Orc (0/2) D:11
  Swamp: Lair:2-4    Shoals: Lair:2-4

Altars:
Ashenzari
Cheibriados
Dithmenos
Elyvilon
Fedhas
Gozag
Hepliaklqana
Kikubaaqudgha
Makhleb
Nemelex Xobeh
Okawaru
Qazlal
Ru
Sif Muna
Trog
Uskayaw
Vehumet
Wu Jian
Xom
Yredelemnul
Zin
The Shining One

Shops:
D:4 (   D:5 [   D:9 *

Annotations:
D:3 phantom
D:6 exclusion: upstairs


Innate Abilities, Weirdness & Mutations

You are too large for most types of armour.
You have tough skin. (AC +1)


Message History

You closely miss the spiny frog.
The spiny frog is severely wounded.
The spiny frog stings you.
You hit the spiny frog but do no damage.
The spiny frog is severely wounded.
You feel sick.
You stomp with the beat, sending a shockwave through the revelers around you!
The spiny frog is almost dead.
You feel somewhat more hungry.
You can no longer pass through a line of other dancers.
You feel sick. The spiny frog stings you!!
* * * LOW HITPOINT WARNING * * *
You stomp with the beat, sending a shockwave through the revelers around you!
The spiny frog is almost dead.
You feel somewhat more hungry.
You can no longer stomp with the beat.
You feel sick. The spiny frog stings you!!
* * * LOW HITPOINT WARNING * * *
The spiny frog stings you!
You die...

.#......P#######......#...#......
.##.....##...#.#.....#....##.....
.##.....# ...##......##..........
.##.....# #...##.....#....PP.....
........# #P.# #..........+P.....
#.......###..###.....#.##..#.....
##......P###..#......#.###......(
................F............≈≈≈≈
................@†(.((((....≈≈≈≈≈
...........................≈))≈..
.........................≈≈≈≈...≈
......................#...≈≈.....
........###.^##......##P..≈≈≈..>.
.##...... #.###.......#...≈≈.≈...
##P.P...##... #......##...≈≈≈....
# #P....#... #........+..≈≈≈≈...
# #.....# .#P....≈≈≈≈≈


You could see a spiny frog.

Vanquished Creatures
  Fannar (Lair:1)
  A two-headed ogre (D:11)
  A mana viper (shapeshifter) (D:11)
  An ugly thing (D:11)
  A cyclops (D:11)
  6 elephants (Lair:2)
  A black mamba (Lair:2)
  6 spiny frogs
  2 komodo dragons
  A kobold demonologist (D:11)
  2 trolls
  A tyrant leech (Lair:4)
  3 hippogriffs
  7 blink frogs (Lair:3)
  2 basilisks (Lair:1)
  4 yaks (Lair:2)
  A steam dragon (D:9)
  4 hungry ghosts
  2 nagas (Lair:4)
  4 water moccasins
  4 porcupines
  4 ice beasts
  5 orc warriors
  3 sky beasts
  A black bear (D:11)
  3 necrophages
  7 wolves
  4 ogres
  3 phantoms
  4 centaurs
  3 crocodiles
  3 big kobolds
  A gnoll sergeant (D:9)
  10 bullfrogs
  A water moccasin zombie (D:10)
  A wyvern skeleton (D:10)
  7 scorpions
  4 troll zombies (D:11)
  7 wights
  4 electric eels (D:10)
  4 howler monkeys
  6 crimson imps
  A bullfrog zombie (D:6)
  12 hounds
  A quasit (D:9)
  2 jellies
  4 bullfrog skeletons
  10 orc priests
  17 orc wizards
  4 centaur skeletons
  2 iguanas
  7 worker ants
  6 hell rats (Lair:3)
  2 ogre zombies (D:11)
  2 hound zombies
  2 hound skeletons
  A worker ant zombie (D:5)
  15 adders
  5 gnolls (D:9)
  2 oozes
  2 adder zombies
  An adder skeleton (D:3)
  2 worms (D:6)
  4 dart slugs
  6 leopard geckos
  50 orcs
  2 giant cockroaches
  4 goblins
  11 hobgoblins
  25 jackals
  14 kobolds
  5 quokkas
  2 ball pythons
  7 bats
  8 frilled lizards
  A hobgoblin skeleton (D:11)
  A hobgoblin zombie (D:11)
  A leopard gecko skeleton (D:9)
  2 orc skeletons (D:11)
  14 orc zombies (D:11)
  A quokka skeleton (D:5)
  2 quokka zombies
  5 rats
  2 fungi
  A plant (Lair:2)
408 creatures vanquished.

Vanquished Creatures (others)
  A bush (Lair:3)
  4 fungi (Lair:3)
  A plant (Lair:4)
6 creatures vanquished.

Grand Total: 414 creatures vanquished

Notes
Turn   | Place    | Note
-------+----------+-------------------------------------------
     0 | D:1      | 1994 the Ogre Hunter began the quest for the Orb.
     0 | D:1      | Reached XP level 1. HP: 22/22 MP: 1/1
   164 | D:1      | Reached XP level 2. HP: 15/31 MP: 2/2
   740 | D:1      | Reached XP level 3. HP: 29/39 MP: 3/3
  1352 | D:1      | HP: 1/39 [poisoned by an adder]
  1942 | D:2      | Found a bloodstained altar of Trog.
  1944 | D:2      | Found a basalt altar of Yredelemnul.
  1949 | D:2      | Reached XP level 4. HP: 35/49 MP: 4/4
  2205 | D:2      | Reached skill level 5 in Throwing
  2465 | D:2      | Found a sparkling altar of Nemelex Xobeh.
  2790 | D:2      | Reached skill level 5 in Fighting
  2812 | D:2      | Reached XP level 5. HP: 12/57 MP: 5/5
  3910 | D:3      | Found a hide-covered altar of Uskayaw.
  4120 | D:3      | Became a worshipper of Uskayaw the Reveler
  4172 | D:3      | Reached * piety under Uskayaw
  4249 | D:3      | Reached XP level 6. HP: 62/67 MP: 6/6
  4388 | D:3      | You fall into a shaft and drop 1 floor!
  4388 | D:4      | Found Riujour's Weapon Boutique.
  4390 | D:4      | Bought a cursed +0 hand axe for 1 gold piece
  4408 | D:3      | Reached skill level 1 in Invocations
  4679 | D:3      | Reached skill level 1 in Axes
  5102 | D:4      | Reached ** piety under Uskayaw
  5310 | D:4      | Reached skill level 2 in Axes
  5439 | D:4      | Reached *** piety under Uskayaw
  5452 | D:4      | Found a staircase to the Ecumenical Temple.
  5452 | D:4      | Noticed a phantom
  5457 | Temple   | Entered the Ecumenical Temple
  6097 | D:3      | Reached skill level 3 in Axes
  6097 | D:3      | Reached XP level 7. HP: 39/74 MP: 8/8
  6484 | D:4      | Found an ornate altar of the Wu Jian Council.
  6594 | D:4      | Found a glowing silver altar of Zin.
  7154 | D:5      | Entered Level 5 of the Dungeon
  7360 | D:5      | Found a burning altar of Makhleb.
  7362 | D:5      | Found a shattered altar of Ashenzari.
  7478 | D:5      | Found Cono's Antique Armour Shop.
  7633 | D:5      | Reached skill level 4 in Axes
  7672 | D:5      | Found an ancient bone altar of Kikubaaqudgha.
  8208 | D:6      | Reached skill level 5 in Axes
  8208 | D:6      | Reached XP level 8. HP: 25/83 MP: 0/11
  8849 | D:6      | Reached skill level 6 in Axes
  8849 | D:6      | Reached **** piety under Uskayaw
  9060 | D:6      | Reached skill level 5 in Invocations
  9569 | D:6      | Reached skill level 7 in Axes
  9981 | D:6      | Reached XP level 9. HP: 30/88 MP: 9/13
 11587 | D:7      | Found a glowing golden altar of the Shining One.
 11632 | D:7      | Reached skill level 8 in Axes
 11696 | D:7      | Reached ***** piety under Uskayaw
 12815 | D:8      | Reached skill level 9 in Axes
 13319 | D:9      | Reached XP level 10. HP: 85/103 MP: 15/15
 13585 | D:9      | Found a burning altar of Makhleb.
 13873 | D:9      | Found Codohep's Assorted Antiques.
 13890 | D:9      | Bought a scroll labeled KABBUL LOOLEC for 18 gold pieces
 13890 | D:9      | Bought an inky potion for 16 gold pieces
 13890 | D:9      | Bought a scroll labeled CIOTZO IDIASOX for 18 gold pieces
 14855 | D:10     | Entered Level 10 of the Dungeon
 14948 | D:10     | Reached skill level 10 in Axes
 15761 | D:10     | Found a staircase to the Lair.
 16497 | D:10     | Reached ****** piety under Uskayaw
 16828 | D:10     | Reached XP level 11. HP: 98/114 MP: 17/17
 17514 | D:11     | Noticed a harpy
 17836 | D:11     | Reached skill level 11 in Axes
 17843 | D:11     | Noticed a mana viper
 17843 | D:11     | a komodo dragon changed into a mana viper
 17849 | D:11     | Killed a mana viper
 17945 | D:11     | Noticed a cyclops
 17991 | D:11     | Killed a cyclops
 17991 | D:11     | Reached skill level 10 in Fighting
 18294 | D:11     | Noticed a green ugly thing
 18310 | D:11     | Killed a green ugly thing
 18623 | D:11     | HP: 5/117 [ogre zombie (10)]
 19449 | D:11     | Noticed a two-headed ogre
 19484 | D:11     | Killed a two-headed ogre
 19567 | D:11     | Found a staircase to the Orcish Mines.
 19797 | D:11     | Found a glowing golden altar of the Shining One.
 19837 | Lair:1   | Entered Level 1 of the Lair of Beasts
 20132 | Lair:1   | Noticed Fannar
 20145 | Lair:1   | Killed Fannar
 20514 | Lair:1   | Reached skill level 12 in Axes
 21206 | Lair:2   | Reached XP level 12. HP: 116/128 MP: 19/19
 21985 | Lair:2   | Found a basalt altar of Yredelemnul.
 22022 | Lair:2   | Reached skill level 10 in Invocations
 24185 | Lair:3   | Reached skill level 13 in Axes
 24401 | Lair:3   | Found a hazy altar of Hepliaklqana.
 25250 | Lair:4   | Found a staircase to the Snake Pit.
 25259 | Lair:4   | Reached skill level 10 in Throwing
 25297 | Lair:4   | Slain by a spiny frog

Illustrated notes

Levels and vault maps discovered:
D:1:      nicolae_arrival_washed_ashore, layout_loops_ring
D:2:      layout_rooms, nemelex_xobeh_ov_fountains_minmay, minitemple
D:3:      layout_basic, eat_drink_and_be_merry_uskayaw, first_ration
D:4:      layout_cave_pods, lemuel_doored_altar, kennysheep_mini,
          minmay_temple_entry_ruins, serial_shops, shop
D:5:      layout_loops_ring, kiku_gazebo_garden_becter,
          nicolae_overflow_hidden_temple, serial_shops, shop
D:6:      layout_basic, serial_curves, eino_curves_03, eino_curves_02,
          eino_curves_03, minmay_starry_boxes
D:7:      layout_rooms, basic_altar, minmay_misc_feat_encased
D:8:      layout_rooms
D:9:      layout_roguey, basic_altar, serial_shops, shop
D:10:     layout_irregular_city, erik_lair_island,
          minmay_fractal_squares_diagonal_5
D:11:     layout_cave_pools, zombieorc1_lemuel, basic_altar
Temple:   oiseaux_autumnal_temple
Lair:1:   layout_regular_city, uniq_fannar
Lair:2:   layout_loops_ring, basic_altar
Lair:3:   layout_chaotic_city, serial_forest, infiniplex_forest_end_3,
          infiniplex_forest_lined_room_, infiniplex_forest_lined_ring,
          infiniplex_forest_fountain, infiniplex_forest_clump_large,
          infiniplex_forest_clump_diagonal, infiniplex_forest_straight_2,
          infiniplex_forest_corner_1, infiniplex_forest_pool, basic_altar,
          minivault_19, chequers_serial_rivers_large_b
Lair:4:   layout_regular_city, minmay_swamp_entry_worms,
          guppyfry_snake_entry_island, nzn_random_ring

Skill      XL: |  1  2  3  4  5  6  7  8  9 10 11 12 |
---------------+-------------------------------------+-----
Fighting       | 3 4 5 6 7 9 10 11 | 11.9
Throwing       | 5 6 8 9 10 | 10.0
Invocations    | 2 4 5 7 8 9 10 | 10.5
Axes           | 3 5 7 9 10 12 13 | 13.1
Dodging        | |  1.7
Stealth        | |  0.6

Action                   |  1- 3 |  4- 6 |  7- 9 | 10-12 || total
-------------------------+-------+-------+-------+-------++-------
Melee: Short sword       |   164 |   157 |       |       ||   321
       Dagger            |       |    88 |       |       ||    88
       Hand axe          |       |    85 |   483 |   590 ||  1158
Throw: Large rock        |    10 |     1 |     4 |       ||    15
       Stone             |     6 |    40 |    55 |    68 ||   169
       Throwing net      |     2 |       |       |       ||     2
       Dart              |       |     1 |     2 |     7 ||    10
       Boomerang         |       |       |       |     8 ||     8
Invok: Stomp             |       |       |    13 |    16 ||    29
       Line Pass         |       |       |     3 |     2 ||     5
  Use: Scroll            |     1 |     7 |     3 |     9 ||    20
       Potion            |       |       |       |     1 ||     1
 Stab: Sleeping          |       |       |     5 |     5 ||    10
       Distracted        |       |       |     2 |     1 ||     3
       Paralysed         |       |       |    14 |    36 ||    50
       Held in net/web   |       |       |       |     1 ||     1
  Eat: Chunk             |     3 |    14 |    23 |    31 ||    71
       Ration            |       |       |     1 |     4 ||     5
Armor: Robe              |    55 |   107 |    95 |    81 ||   338
Dodge: Dodged            |   108 |   195 |   276 |   296 ||   875
